 Dungeon Crawl Stone Soup version 0.29.0 (webtiles) character file.

Game seed: 8471258819707948933

26 RascalDebosk the Grave Robber (level 3, 0/27 HPs)
             Began as a Ghoul Necromancer on Aug 24, 2022.
             Killed from afar by Sigmund (9 damage)
             ... with a magic dart
             ... on level 2 of the Dungeon.
             The game lasted 00:23:48 (1848 turns).

RascalDebosk the Grave Robber (Ghoul Necromancer)   Turns: 1848, Time: 00:23:48

Health: 0/27       AC:  2    Str: 11    XL:     3   Next: 8%
Magic:  1/4        EV: 12    Int: 12    God:
Gold:   36         SH:  0    Dex:  9    Spells: 1/5 levels left

rFire   . . .      SeeInvis .   d - +0 dagger
rCold   + . .      Faith    .   (no shield)
rNeg    + + +      Spirit   .   a - +0 robe
rPois   ∞          Reflect  .   (no helmet)
rElec   .          Harm     .   (no cloak)
rCorr   .          Rampage  .   (no gloves)
Will    .....                   (no boots)
Stlth   ++........              (no amulet)
HPRegen 0.00/turn               (no ring)
MPRegen 0.09/turn               (no ring)

@: inhibited regen
A: claws 1, cold resistance 1, negative energy resistance 3, inhibited
regeneration, torment resistance 2, devour on kill
a: no special abilities


You were on level 2 of the Dungeon.
You visited 1 branch of the dungeon, and saw 2 of its levels.

You collected 36 gold pieces.

Inventory:

Hand Weapons
 c - a +0 club
 d - a +0 dagger (weapon)
 e - a +0 short sword
Armour
 a - a +0 robe (worn)
Scrolls
 f - a scroll of identify {unknown}


   Skills:
 + Level 0.9 Fighting
 + Level 0.7 Staves
 + Level 2.1 Dodging
 + Level 2.6 Stealth
 + Level 1.9 Spellcasting
 + Level 4.1 Necromancy
 + Level 0.1 Ice Magic


You had one spell level left.
You knew the following spells:

 Your Spells              Type           Power      Damage    Failure   Level
a - Necrotise             Necr           44%        1d6       4%          1
b - Vampiric Draining     Necr           11%        2d6       16%         3

Your spell library contained the following spells:

 Spells                   Type           Power      Damage    Failure   Level
 Animate Dead             Necr           11%        N/A       45%         4
 Frozen Ramparts          Ice            2%         1d1       61%         3
 Agony                    Necr           11%        N/A       80%         5
 Summon Ice Beast         Ice/Summ       1%         N/A       95%         4
 Ice Form                 Ice/Tmut       Unusable   N/A       N/A         4

Dungeon Overview and Level Annotations

Branches:
Dungeon (2/15)

Altars:

Annotations:
D:2 Sigmund


Innate Abilities, Weirdness & Mutations

You are immune to poison.
You have sharp fingernails.
Your flesh is cold resistant. (rC+)
You are immune to negative energy. (rN+++)
You do not regenerate when monsters are visible.
You are immune to unholy pain and torment.
You thrive by killing the living.


Message History

A hobgoblin is nearby!
Your kobold skeleton crumbles into dust!
Aiming: Necrotise (safe; 4% risk of failure)
Press: ? - help, Q - select action Shift-Dir - straight line, f - hobgoblin
Aim: a hobgoblin (chance to affect: 80%)
The hobgoblin writhes in agony.
Sigmund casts a spell.
Sigmund flickers and vanishes!
Deactivating autopickup; reactivate with Ctrl-A.
Aiming: Necrotise (safe; 4% risk of failure)
Press: ? - help, Q - select action Shift-Dir - straight line, f/p - hobgoblin
Aim: a hobgoblin (almost dead, chance to affect: 80%)
The hobgoblin writhes in agony.
You kill the hobgoblin!
The dead are walking!
A hobgoblin comes into view.
Aiming: Necrotise (safe; 4% risk of failure)
Press: ? - help, Q - select action Shift-Dir - straight line, f - hobgoblin
Aim: a hobgoblin (chance to affect: 80%) Nothing appears to happen.
Aiming: Necrotise (safe; 4% risk of failure)
Press: ? - help, Q - select action Shift-Dir - straight line, f/p - hobgoblin
Aim: a hobgoblin (chance to affect: 80%) Nothing appears to happen.
You hear some strange, mumbled words.
A puff of flame appears from out of thin air!
The puff of flame hits your hobgoblin skeleton.
Unknown command.
Unknown command.
Unknown command.
You don't have enough magic to cast this spell.
A magic dart appears from out of thin air!
The magic dart hits you!
The hobgoblin hits your hobgoblin skeleton.
Your hobgoblin skeleton is destroyed!
You don't have enough magic to cast this spell.
You don't have enough magic to cast this spell.
A magic dart appears from out of thin air!
The magic dart hits you!
You die...

...........####....#.#.......###
........)......................>
......≈.≈..#######.#.#...###.##.
.......⌠...# #.#...#.#
...........## #.###.#.###
###>........### #.#<#÷#...#
###.#######.g.# #.#.#.###.#
.........=###{####.#...#...#
..........# #...@#.#####r###
.......!.................#
...................#.#.###
...@.................#..#
..................#####.#
.....@............# .#
..................# ..
...........# #.. #+


There were no monsters in sight!

Vanquished Creatures
  A dart slug (D:1)
  4 ball pythons
  3 endoplasms
  A giant cockroach (D:1)
  2 hobgoblins (D:2)
  3 jackals (D:1)
  A quokka (D:2)
  A bat (D:1)
  5 kobolds
  2 rats
23 creatures vanquished.

Vanquished Creatures (others)
  A plant (D:1)
1 creature vanquished.

Grand Total: 24 creatures vanquished

Notes
Turn   | Place    | Note
-------+----------+-------------------------------------------
     0 | D:1      | RascalDebosk the Ghoul Necromancer began the quest for the
                  | Orb.
     0 | D:1      | Reached XP level 1. HP: 14/14 MP: 2/2
    29 | D:1      | Found a faded altar of an unknown god.
   502 | D:1      | Reached XP level 2. HP: 18/22 MP: 3/3
  1774 | D:2      | Reached XP level 3. HP: 27/27 MP: 2/4
  1778 | D:2      | Learned a level 3 spell: Vampiric Draining
  1826 | D:2      | Noticed Sigmund
  1848 | D:2      | Killed from afar by Sigmund

Illustrated notes

Levels and vault maps discovered:
D:1:      amcnicky_arrival_gap_in_the_tavern_cellar, layout_rooms,
          shapermc_ecumenical_altar_ellora, minmay_misc_feat_more_columns
D:2:      layout_basic, serial_shops, nicolae_shop_behind_doors,
          hangedman_feature_mirror, minmay_3d_cube, uniq_sigmund

Skill      XL: |  1  2 |
---------------+-------+-----
Dodging        | 2 |  2.1
Fighting       | |  0.9
Staves         | |  0.7
Stealth        | |  2.6
Spellcasting   | |  1.9
Necromancy     | |  4.1
Ice Magic      | |  0.1

Action                   || total
-------------------------++-------
Melee: Unarmed           ||    15
       Dagger            ||    26
 Cast: Necrotise         ||    47
  Use: Potion            ||     1
Armor: Robe              ||    14
Dodge: Dodged            ||    59
